 Dungeon Sprint DCSS version 0.16-b1 (console) character file.

254 clouded the Cleaver (level 6, 0/76 HPs)
             Began as a Hill Orc Fighter on Mar 13, 2015.
             Was a Priest of Beogh.
             Succumbed to an adder's poison
             ... in the Dungeon (Sprint VII: "The Pits").
             The game lasted 00:03:14 (129 turns).

clouded the Cleaver (Hill Orc Fighter)               Turns: 129, Time: 00:03:14

Health: 0/76       AC:  7    Str: 26    XL:     6   Next: 14%
Magic:  5/17       EV:  7    Int:  8    God:    Beogh [***...]
Gold:   0          SH: 10    Dex: 10    Spells: 0 memorised, 5 levels left

rFire  . . .     SeeInvis .     a - +2 hand axe
rCold  . . .     Clarity  .     b - +0 scale mail
rNeg   . . .     SustAb   .     c - +0 shield
rPois  .         Gourm    .     (no helmet)
rElec  .         Spirit   .     (no cloak)
rCorr  .         Warding  .     (no gloves)
rMut   .         NoTele   +     (no boots)
MR     .....                    (no amulet)
Stlth  ..........               (no ring)
                                (no ring)

@: berserking (expiring), lethally poisoned (0 -> -1), very quick, not resistant
to hostile enchantments, extremely unstealthy
A: no striking features
a: Smiting, Renounce Religion


You were in the Dungeon.
You worshipped Beogh.
Beogh was most pleased with you.
You were not hungry.

You visited 1 branch


   Skills:
 - Level 3.6 Fighting
 + Level 12.6 Axes
 - Level 3.2 Armour
 - Level 3.2 Shields
 + Level 9.4 Invocations


You had 5 spell levels left.
You didn't know any spells.

Dungeon Overview and Level Annotations

Branches:
Dungeon (1/1)

Altars:
Ashenzari
Cheibriados
Dithmenos
Elyvilon
Fedhas
Gozag
Kikubaaqudgha
Makhleb
Nemelex Xobeh
Okawaru
Qazlal
Ru
Sif Muna
Trog
Vehumet
Xom
Yredelemnul
Zin
The Shining One
Beogh
Jiyva
Lugonu

Inventory:

Hand weapons
 a - a +2 hand axe (weapon)
 q - a +0 war axe
Armour
 b - a +0 scale mail (worn)
 c - a +0 shield (worn)
Scrolls
 k - a scroll of blinking
 o - 3 scrolls of remove curse
 p - a scroll of summoning
Potions
 e - a potion of might
 f - a potion of curing
 g - a potion of heal wounds
 h - a potion of haste
 i - 4 potions of magic
 j - 2 potions of berserk rage
 n - 2 potions of invisibility
Comestibles
 d - 8 meat rations
 l - 40 fruits
 m - 7 bread rations


Message History

The orc warrior is almost dead.
You slash the worker ant!
You kill the worker ant!
Beogh accepts your kill.
You can now gain orcish followers.
Your Invocations skill increases to level 7!
You slash the orc!
You kill the orc!
Beogh accepts your kill.
The orc warrior hits you but does no damage.
You slash the orc warrior!
You kill the orc warrior!
Beogh accepts your kill.
Your Axes skill increases to level 12!
Your Invocations skill gained 2 levels and is now at level 9!
You have reached level 6!
Your experience leads to an increase in your attributes!
Your base attributes are Str 20, Int 8, Dex 10.
Increase (S)trength, (I)ntelligence, or (D)exterity?
You feel stronger.
You die...

#_#.))#.#?(##......#..#
#######'#####..........
#...........'..........
#+#####)#####......#..#
#. #...'.##..........
#..#...#.#####'#####+
#..#####.##.......#
#..))..#.##.......#
#..)o..'.##.......#
#.e########...<...# #.
#.......# # #.......#
#.......# #########


You could see a giant eyeball.

Action                   |  1- 3 |  4- 6 || total
-------------------------+-------+-------++-------
Melee: War axe           |     8 |       ||     8
       Hand axe          |    20 |     8 ||    28
  Use: Potion            |     1 |       ||     1

Vault maps used:
D:        pitsprint

Vanquished Creatures
  An orc warrior (D)
  2 orc priests (D)
  An orc wizard (D)
  2 worker ants (D)
  An adder (D)
  A giant eyeball (D)
  An ufetubus (D)
  2 orcs (D)
  A kobold (D)
12 creatures vanquished.

Notes
Turn   | Place    | Note
--------------------------------------------------------------
     0 | D        | clouded, the Hill Orc Fighter, began the quest for the Orb.
     0 | D        | Reached XP level 1. HP: 19/19 MP: 1/1
     8 | D        | Noticed a worker ant
    17 | D        | Killed a worker ant
    17 | D        | Reached skill level 7 in Axes
    17 | D        | Reached XP level 2. HP: 17/26 MP: 2/2
    38 | D        | Found a sacrificial altar of Ru.
    38 | D        | Found a shadowy altar of Dithmenos.
    38 | D        | Found a bloodstained altar of Trog.
    38 | D        | Found a deep blue altar of Sif Muna.
    38 | D        | Found a shimmering altar of Xom.
    38 | D        | Found a sparkling altar of Nemelex Xobeh.
    38 | D        | Found a corrupted altar of Lugonu.
    38 | D        | Found a viscous altar of Jiyva.
    39 | D        | Found a basalt altar of Yredelemnul.
    39 | D        | Found a glowing golden altar of the Shining One.
    39 | D        | Found a shattered altar of Ashenzari.
    39 | D        | Found a white marble altar of Elyvilon.
    39 | D        | Found a snail-covered altar of Cheibriados.
    39 | D        | Found a blossoming altar of Fedhas.
    39 | D        | Found a radiant altar of Vehumet.
    39 | D        | Found a burning altar of Makhleb.
    39 | D        | Found an ancient bone altar of Kikubaaqudgha.
    39 | D        | Found a glowing silver altar of Zin.
    39 | D        | Found a roughly hewn altar of Beogh.
    39 | D        | Found an iron altar of Okawaru.
    54 | D        | Found a stormy altar of Qazlal.
    55 | D        | Found an opulent altar of Gozag.
    58 | D        | Became a worshipper of Beogh the Brigand
    81 | D        | Reached XP level 3. HP: 26/31 MP: 3/3
    87 | D        | Reached skill level 8 in Axes
   102 | D        | Acquired Beogh's first power
   113 | D        | Noticed an orc priest
   113 | D        | Noticed an orc priest
   113 | D        | Noticed an orc wizard
   114 | D        | Noticed a worker ant
   114 | D        | Noticed an orc warrior
   117 | D        | Killed an orc priest
   117 | D        | Acquired Beogh's second power
   117 | D        | Reached skill level 9 in Axes
   117 | D        | Reached skill level 3 in Invocations
   117 | D        | Reached XP level 4. HP: 27/39 MP: 4/7
   119 | D        | Reached skill level 10 in Axes
   119 | D        | Reached skill level 4 in Invocations
   119 | D        | Killed an orc priest
   119 | D        | Reached skill level 5 in Invocations
   119 | D        | Paralysed by a giant eyeball for 4 turns
   123 | D        | HP: 1/58 [orc warrior/dire flail (12)]
   125 | D        | Killed an orc wizard
   125 | D        | Reached skill level 11 in Axes
   125 | D        | Reached skill level 6 in Invocations
   125 | D        | Reached XP level 5. HP: 1/45 MP: 4/12
   128 | D        | Killed a worker ant
   128 | D        | Acquired Beogh's third power
   128 | D        | Reached skill level 7 in Invocations
   129 | D        | Killed an orc warrior
   129 | D        | Reached skill level 12 in Axes
   129 | D        | Reached skill level 9 in Invocations
   129 | D        | Reached XP level 6. HP: 1/51 MP: 4/17
   129 | D        | Succumbed to an adder's poison
